 Dungeon Crawl Stone Soup version 0.30-a0-591-g3c58d2bc28 (webtiles) character file.

Game seed: 3170220246302542424

4 CorgiPerc the Charlatan (level 1, 0/15 HPs)
             Began as a Demigod Artificer on Jan 5, 2023.
             Constricted to death by a ball python (1 damage)
             ... on level 1 of the Dungeon.
             The game lasted 00:01:31 (90 turns).

CorgiPerc the Charlatan (Demigod Artificer)           Turns: 90, Time: 00:01:31

Health: 0/15       AC:  3    Str: 13    XL:     1   Next: 46%
Magic:  3/3        EV:  8    Int: 13    God:
Gold:   9          SH:  0    Dex: 14    Spells: 0/0 levels left

rFire   . . .      SeeInvis .    a - +0 club
rCold   . . .      Faith    .    (no shield)
rNeg    . . .      Spirit   .    b - +0 leather armour
rPois   .          Reflect  .    (no helmet)
rElec   .          Harm     .    (no cloak)
rCorr   .          Rampage  .    (no gloves)
Will    .....                    (no boots)
Stlth   +                        (no amulet)
HPRegen 0.22/turn                (no ring)
MPRegen 0.08/turn                (no ring)

@: constricted
A: high MP 1, forlorn, divine attributes
a: no special abilities


You were on level 1 of the Dungeon.
You visited 1 branch of the dungeon, and saw 1 of its levels.

You collected 9 gold pieces.

Inventory:

Hand Weapons
 a - a +0 club (weapon)
Armour
 b - a +0 leather armour (worn)
Wands
 c - a wand of flame (10) (quivered)
 d - a wand of charming (15)
 e - a wand of iceblast (5)


   Skills:
 + Level 0.8 Fighting
 + Level 1.7 Armour
 + Level 0.8 Dodging
 + Level 0.8 Stealth
 + Level 3.0 Evocations


You couldn't memorise any spells.
You didn't know any spells.
Your spell library contained the following spells:

 Spells                   Type           Power      Damage    Failure   Level
 Freeze                   Ice            0%         1d3       36%         1
 Frozen Ramparts          Ice            0%         1d1       75%         3
 Hailstorm                Conj/Ice       0%         3d3       75%         3


Dungeon Overview and Level Annotations

Branches:
Dungeon (1/15)


Innate Abilities, Weirdness & Mutations

You have an increased reservoir of magic. (+10% MP)
You shall have no god before yourself.
Your divine heritage dramatically boosts your attributes as you level up.


Message History

The ball python constricts you.
You barely miss the ball python. The ball python bites you.
The ball python constricts you. The ball python bites you.
The ball python constricts you. The rat bites you.
* * * LOW HITPOINT WARNING * * *
Aiming: Throw Flame
Press: ? - help, Q - select action, (/) - cycle Shift-Dir - straight line, f - ball python
Aim: a ball python (constricting you, 68% to hit)
The puff of flame misses the ball python.
The ball python barely misses you. The ball python constricts you.
The rat bites you.
* * * LOW HITPOINT WARNING * * *
You escape the ball python's grasp.
The rat attacks as you move away! The rat barely misses you.
A ball python comes into view.
The ball python moves out of view.
Aiming: Throw Flame
Press: ? - help, Q - select action, (/) - cycle Shift-Dir - straight line, f/p - ball python
Aim: a ball python (68% to hit)
The puff of flame hits the ball python.
The ball python is severely wounded.
The ball python hisses angrily.
The ball python misses you. The ball python barely misses you.
Aiming: Throw Flame
Press: ? - help, Q - select action, (/) - cycle Shift-Dir - straight line, f/p - ball python
Aim: a ball python (severely wounded, 68% to hit)
The puff of flame misses the ball python.
The puff of flame hits the quokka!
You kill the quokka!
The ball python closely misses you. The ball python grabs you.
The ball python constricts you.
Your Evocations skill increases to level 3!
Aiming: Throw Flame
Press: ? - help, Q - select action, (/) - cycle Shift-Dir - straight line, f/p - ball python
Aim: a ball python (severely wounded, constricting you, 68% to hit)
The puff of flame misses the ball python.
The ball python bites you.
* * * LOW HITPOINT WARNING * * *
The ball python constricts you.
You die...

#.##............ #.#
............ #.#
...[....... #.#
.......... ###.#
.r.......
##...######......#
#.........#......#
.##.###.........S......#
....†.........#@#......#
..#.###.#>....#.#......#
#†#..............#
#.##########.#####
#.'........#.#
#.#........#.#
...#........#..
#.###........# #.
#........#####+#


You could see a ball python.

Vanquished Creatures
  2 hobgoblins (D:1)
  A quokka (D:1)
  A frilled lizard (D:1)
4 creatures vanquished.

Notes
Turn   | Place    | Note
-------+----------+-------------------------------------------
     0 | D:1      | CorgiPerc the Demigod Artificer began the quest for the
                  | Orb.
     0 | D:1      | Reached XP level 1. HP: 15/15 MP: 3/3
    90 | D:1      | Reached skill level 3 in Evocations
    90 | D:1      | Constricted to death by a ball python

Illustrated notes

Levels and vault maps discovered:
D:1:      evilmike_arrival_fibonacci_small, layout_basic

Skill      XL: |  1 |
---------------+----+-----
Evocations     | 3 |  3.0
Fighting       | |  0.8
Armour         | |  1.7
Dodging        | |  0.8
Stealth        | |  0.8

Action                   || total
-------------------------++-------
Melee: Club              ||    17
Evoke: Wand              ||     5
Armor: Leather armour    ||     4
Dodge: Dodged            ||    14

Table legend: (Time is in decaauts)
 A = Elapsed time spent in this place.
 B = Non-inter-level travel time spent in this place.
 C = Inter-level travel time spent in this place.
 D = Time resting spent in this place.
 E = Time spent auto-exploring this place.
 F = Levels seen in this place.
 G = Mean time per level.
                   A        B        C        D        E       F      G
               +--------+--------+--------+--------+--------+-----+--------+
         Total |     95 |     95 |      0 |      0 |      0 |   1 |   95.0 |
       Dungeon |     95 |     95 |      0 |      0 |      0 |   1 |   95.0 |
               +--------+--------+--------+--------+--------+-----+--------+

Top non-repeatable levels by time:
     D:1: 95 daAuts
